Map: 匹昂台地

Players

Quail - Winner!

  • Race: Zerg Zerg
  • League: Diamond

电脑难度(普通)

  • Race: Zerg Zerg

VOD

Have the link to the VOD?

Description

Time

  • Played on: Dec. 4, 2015, 7:26 a.m.
  • Length: 4:47
Show
View Real Time Build Order
Export as new Build Order

Quail Zerg - Winner!

Build Orders: Pool First 

Get SALT Encoding   

  12  0:01  Drone  
  13  0:07  Drone  
  14  0:17  Overlord  
  14  0:23  Drone, Extractor  
  15  0:35  Drone x2  
  17  0:46  Spawning Pool  
  16  0:51  Drone, Extractor  
  16  0:58  Drone  
  17  1:14  Drone  
  18  1:21  Hatchery  
  17  1:25  Drone  
  18  1:35  Queen  
  20  1:43  Overlord  
  20  1:48  Zergling x2  
  20  1:53  Metabolic Boost  
  21  1:58  Drone  
  22  2:01  Zergling x2  
  23  2:13  Zergling x2  
  24  2:22  Zergling x2  
  25  2:33  Queen  
  25  2:35  Zergling x4  
  29  2:43  Zergling x2  
  30  2:50  Zergling x8  
  34  2:57  Zergling x2  
  35  3:00  Zergling x2  
  35  3:10  Overlord  
  35  3:15  Roach Warren  
  35  3:17  Drone  
  35  3:22  Overlord  
  35  3:28  Queen  
  35  3:30  Zergling x6  
  39  3:36  Drone  
  37  3:42  Zergling x4  
  39  3:51  Drone x2  
  39  3:52  Drone  
  42  3:59  Roach  
  43  4:04  Roach  
  43  4:05  Roach  
  47  4:13  Roach  
  48  4:25  Roach  
  48  4:26  Overlord  
  48  4:28  Overlord  
  50  4:38  Ravager  
Show
View Real Time Build Order
Export as new Build Order

电脑难度(普通) Zerg 

Build Orders: Hatch First 

Get SALT Encoding   

  12  0:00  Drone  
  13  0:12  Overlord  
  13  0:17  Drone  
  14  0:30  Drone  
  14  0:33  Drone  
  16  0:36  Drone  
  17  0:54  Hatchery  
  17  0:56  Drone  
  17  1:11  Spawning Pool  
  17  1:13  Drone  
  17  1:16  Drone  
  18  1:20  Extractor  
  18  1:21  Drone  
  18  1:28  Overlord  
  18  1:59  Zergling x2, Queen  
  18  2:00  Zergling x2  
  18  2:01  Roach Warren, Drone  
  22  2:03  Extractor  
  22  2:05  Drone  
  22  2:37  Overlord  
  22  2:41  Drone, Roach x2  
  22  2:42  Roach  
  22  2:43  Roach  
  31  2:51  Drone  
  31  2:56  Drone  
  33  2:59  Drone  
  33  3:03  Lair  
  34  3:21  Drone, Extractor  
  34  3:25  Drone  
  35  3:28  Drone  
  35  3:38  Roach  
  30  3:45  Zergling x2  
  30  3:47  Queen  
  28  3:52  Drone  
  20  3:59  Drone  
  21  4:05  Drone  
  19  4:12  Drone  
  19  4:14  Zergling x2  
  19  4:15  Drone  
  19  4:17  Hydralisk Den  
  18  4:20  Drone  
  13  4:28  Drone  
  14  4:34  Drone  
Tags
 
Add a new tag
Caveats
  • Supply blocks, unpowered buildings, or Contaminate may cause inaccurate times.
  • Supply counts are checked every 10 seconds.